[Event "*** Titled Tuesday Blitz"]
[Site "Chess.com"]
[Date "2021.04.27"]
[Round "8"]
[White "monikarozman"]
[Black "VinzentSpitzl"]
[Result "0-1"]
[WhiteElo "2205"]
[BlackElo "2406"]
[TimeControl "180+1"]
[EndTime "11:29:13 PDT"]
[Termination "VinzentSpitzl won by checkmate"]

1. d4 d5 2. c4 e6 3. Nc3 Bb4 4. Nf3 Nf6 5. cxd5 exd5 6. Bg5 h6 7. Bh4 Nbd7 8. e3 g5 9. Bg3 Ne4 10. Qc2 h5 11. h4 Nxg3 12. fxg3 g4 13. Nd2 c6 14.
Bd3 Bd6 15. O-O-O Nb6 16. e4 dxe4 17. Ndxe4 Be6 18. Ng5 Qe7 19. Nxe6 fxe6 20. Bg6+ Kd7 21. Rhe1 Raf8 22. d5 Nxd5 23. Nxd5 cxd5 24. Kb1 Rc8 25. Qa4+ Rc6 26. Qxa7 Kc7 27. Qa5+ Kb8 28. Rd4 Rhc8 29.
Ra4 Ra6 30. Qb5 Rc5 31. Qb3 Rxa4 32. Qxa4 Qc7 33. a3 Bxg3 34. Rxe6 Rc1+ 35. Ka2 Qc4+ 36.
Qxc4 Rxc4 37. Bxh5 Bxh4 38. Rd6 Rd4 39. Bf7 Rd2 40.
Rxd5 Rxg2 41. Be6 Bf6 42. Rb5 Kc7 43. Bd5 Rf2 44. Rxb7+ Kd6 45. Be4 g3 46. a4 g2 47.
Bxg2 Rxg2 48. Rb6+ Ke7 49. a5 Bd4 50. Rb4 Bc5 51. Rb5 Kd6 52. a6 Kc6 53. Rb7 Rg8 54. Rf7 Ra8 55. Kb3 Rxa6 56. Rf6+ Bd6 57. Kc4 Rb6 58. b3 Rb4+ 59. Kc3 Rb5 60. Rg6 Kc5 61. Rg5+ Kc6 62. Rg6 Rb6 63. Kc4 Rb7 64. Kc3 Rf7 65. Kc4 Rf4+ 66. Kc3 Kd5 67. Rg5+ Be5+ 68. Kd3 Rf3+ 69.
Kc2 Rc3+ 70. Kd2 Rxb3 71. Rg8 Ke4 72. Re8 Rb2+ 73. Ke1 Kd4 74. Kf1 Bf4 75. Ke1 Kd3 76. Kf1 Be3 77. Re7 Bd4 78. Re8 Rf2+ 79. Ke1 Rg2 80.
Kf1 Rg1# 0-1

[Event "*** Titled Tuesday Blitz"]
[Site "Chess.com"]
[Date "2021.04.27"]
[Round "8"]
[White "Andrii_Prydun"]
[Black "BursaBBSatranc"]
[Result "0-1"]
[WhiteElo "2340"]
[BlackElo "2572"]
[TimeControl "180+1"]
[EndTime "11:29:14 PDT"]
[Termination "BursaBBSatranc won by checkmate"]

1. d4 d5 2. Nc3 Nf6 3. Bf4 c5 4. e3 a6 5. dxc5 Nc6 6. Na4 e5 7. Bg5 Bxc5 8. Nxc5 Qa5+ 9. c3 Qxc5 10. Bxf6 gxf6 11.
g3 Be6 12. Bg2 Rd8 13. Ne2 O-O 14. O-O Kh8 15. Qd2 b5 16. Rad1 a5 17. a3 Rd7 18.
Kh1 Rb8 19. h3 b4 20. axb4 axb4 21. f4 f5 22. fxe5 Nxe5 23. Nf4 Nc4 24. cxb4 Nxd2 25. bxc5 Nxf1 26. Rxf1 Rxb2 27. Rc1 Rd2 28. c6 Rc7 29. h4 Kg7 30. h5 Kf6 31. Kg1 Ke5 32. h6 Kd6 33. Nh5 Ke7 34. Nf4 Kf6 35. Nh5+ Kg6 36. Nf4+ Kxh6 37. Rc5 Kg7 38. Bxd5 Kf6 39. Bf3 Ke7 40. Re5 Kd6 41. Rb5 Rc2 42. Rb7 R2xc6 43. Bxc6 Rxc6 44. Rb2 Rc3 45. Kf2 Ke5 46. Rd2 Kf6 47.
Ne2 Ra3 48. Nf4 Kg5 49. Ne2 Ra5 50. Nf4 h5 51. Ne2 Bd5 52. Nf4 Be4 53. Ne2 Ra1 54.
Nf4 Rh1 55. Rd8 Rh2+ 56. Kg1 Ra2 57. Rg8+ Kh6 58. Rh8+ Kg7 59. Rxh5 Ra3 60. Kf2 Ra2+ 61. Kg1 Ra1+ 62. Kf2 Rc1 63. Rh4 Rc2+ 64. Kg1 Kf6 65. Rh5 Ke5 66. Rh8 Kd6 67. Re8 Kd7 68. Rh8 Rc3 69.
Kf2 Rc2+ 70. Kg1 Ra2 71. Rg8 Ke7 72. Rh8 Kf6 73. Rf8 Ra3 74. Kf2 Ra2+ 75. Kg1 Ra6 76. Rb8 Kg5 77. Kf2 Ra2+ 78. Kg1 Kg4 79. Rg8+ Kf3 80.
Nh5 Kxe3 81. Nf4 Ra1+ 82. Kh2 Rh1# 0-1

[Event "*** Titled Tuesday Blitz"]
[Site "Chess.com"]
[Date "2021.04.27"]
[Round "8"]
[White "Alextorngren"]
[Black "Rodchenkov_Vitalij"]
[Result "1-0"]
[WhiteElo "2304"]
[BlackElo "2063"]
[TimeControl "180+1"]
[EndTime "11:29:26 PDT"]
[Termination "Alextorngren won by checkmate"]

1. d4 Nf6 2. c4 e6 3. Nc3 Bb4 4. Qc2 c5 5. dxc5 Bxc5 6. Nf3 O-O 7. Bf4 Nc6 8. e3 Bb4 9. Bd3 Bxc3+ 10.
Qxc3 d5 11. O-O dxc4 12. Bxc4 Qe7 13. Rfd1 Rd8 14. e4 Nxe4 15. Qe3 Nf6 16. Ne5 Nxe5 17.
Bxe5 b6 18. Bxf6 Qxf6 19. Qf3 Rxd1+ 20. Rxd1 Rb8 21. Qxf6 gxf6 22. Rd8+ Kg7 23. Ba6 Bxa6 24. Rxb8 Bc4 25. a3 Bd5 26. f3 f5 27. Kf2 h5 28.
Ke3 h4 29. Kf4 Kf6 30. Rh8 e5+ 31. Ke3 f4+ 32. Kf2 Kg5 33. Re8 f6 34. b4 Kf5 35.
Re7 a6 36. Ra7 Bc4 37. Rb7 b5 38. Rb6 Be6 39. Rxa6 Bd7 40. Rd6 Be8 41. Rd8 Bf7 42. Rh8 Kg5 43. Rc8 Bb3 44. Rc5 Ba4 45. Rd5 Kf5 46. Rd8 Kg5 47. Rb8 Kf5 48. Ke2 Kg5 49. Kd2 f5 50. Rb6 e4 51. Ke2 Kh5 52. Re6 e3 53.
Re5 Kg5 54. Ke1 Kf6 55. Rc5 Kg5 56. Rc6 Kh5 57. Rb6 Kg5 58. g3 hxg3 59. hxg3 fxg3 60. Ke2 f4 61. Rb8 Kf5 62. Rf8+ Ke5 63. Re8+ Kd4 64.
Re4+ Kc3 65. Rxf4 Kb3 66. Kxe3 g2 67. Rg4 Kxa3 68. Rxg2 Kxb4 69. Kd4 Bb3 70. Rb2 Ka3 71. Rh2 b4 72. f4 Bf7 73. f5 b3 74. Kc3 Bd5 75. Rf2 Bg8 76. f6 Bf7 77. Rb2 Ka4 78.
Rd2 Ka3 79. Re2 Ka4 80. Rd2 Ka3 81. Rf2 Ka4 82. Re2 Ka3 83. Re7 Bg8 84. Ra7# 1-0

[Event "*** Titled Tuesday Blitz"]
[Site "Chess.com"]
[Date "2021.04.27"]
[Round "8"]
[White "ukchessbomber"]
[Black "Dinamo81"]
[Result "1-0"]
[WhiteElo "2530"]
[BlackElo "2678"]
[TimeControl "180+1"]
[EndTime "11:29:42 PDT"]
[Termination "ukchessbomber won on time"]

1. d4 d5 2. c4 e6 3. Nc3 a6 4. cxd5 exd5 5. Bf4 c6 6. e3 Bd6 7.
Bxd6 Qxd6 8. Bd3 Ne7 9. Nf3 Bf5 10. Qb3 Bxd3 11. Qxb7 O-O 12. Qxa8 Qc7 13. Ne5 Bf5 14. O-O f6 15. Nf3 Bc8 16. e4 Bb7 17. Qa7 Nd7 18. exd5 Nc8 19. d6 Nxd6 20. d5 c5 21. Rfe1 Ra8 22. Qxa8+ Bxa8 23. Rac1 Kf7 24. b3 Nb6 25. Rcd1 Nf5 26. g4 Nd4 27. Nxd4 cxd4 28. Ne4 Bxd5 29. Rxd4 Qc6 30. f3 Bxe4 31. Rexe4 Nd5 32. Rc4 Qb6+ 33. Red4 g5 34. Kh1 Nf4 35. Rd7+ Ke6 36.
Rd1 Qb7 37. Re4+ Kf7 38. Rde1 Kg6 39. h4 h5 40. hxg5 Kxg5 41. gxh5 Nxh5 42. Rg4+ Kh6 43. Kg2 Qd5 44. Rh1 Qd2+ 45. Kg1 Qe1+ 46. Kg2 Qe2+ 47. Kg1 Qxa2 48. Rgh4 Qb1+ 49. Kg2 Qc2+ 50. Kg1 Qxb3 51. Rxh5+ Kg6 52. Kf2 Qc2+ 53. Kg3 Qd2 54.
R5h2 Qd6+ 55. Kf2 Qd4+ 56. Kg3 a5 57. Rg2 a4 58. Rh4 Qe5+ 59. Kf2+ Kf7 60. Rxa4 Qb2+ 61. Kg3 Qb8+ 62. Rf4 Qe5 63. Rh2 Qe1+ 64. Kg4 Qg1+ 65. Kh3 Qf1+ 66. Kg3 Qg1+ 67. Rg2 Qe1+ 68. Rf2 Qe5 69. Rg2 Qg5+ 70. Rg4 Qe5+ 71. Kf2 Qb2+ 72. Kg1 Qc1+ 73. Kf2 Qd2+ 74. Kf1 Qd1+ 75. Kf2 Qd2+ 76. Kg1 Qd1+ 77. Kh2 Qxf3 78. Rg7+ Ke6 79. R7g4 Qe3 80. R2g3 Qf2+ 81. Kh3 Qf1+ 82. Rg2 f5 83. Rg6+ Ke5 84.
Rg3 Qh1+ 85. Rh2 Qf1+ 86. Kh4 f4 87. Rg5+ Ke4 88. Kh5 Qf3+ 89. Kg6 Qd3 90. Rh8 Kf3+ 91. Kf7 Qd7+ 92. Kf6 Qd6+ 93. Kf7 Qd7+ 94. Kg6 1-0

[Event "*** Titled Tuesday Blitz"]
[Site "Chess.com"]
[Date "2021.04.27"]
[Round "8"]
[White "Kretov_Evgenij"]
[Black "Lion-Al-Messi"]
[Result "1/2-1/2"]
[WhiteElo "2652"]
[BlackElo "2502"]
[TimeControl "180+1"]
[EndTime "11:29:47 PDT"]
[Termination "Game drawn by repetition"]

1. d4 d5 2. c4 c6 3. Nc3 Nf6 4.
e3 e6 5. Nf3 Nbd7 6. Bd3 dxc4 7.
Bxc4 b5 8. Be2 Bd6 9. e4 e5 10. dxe5 Nxe5 11. Nxe5 Bxe5 12. Qxd8+ Kxd8 13. Bg5 h6 14.
Bh4 g5 15. O-O-O+ Ke7 16. Bg3 Bxc3 17. bxc3 Nxe4 18. Be5 f6 19. Bd4 c5 20. Be3 Nxc3 21. Bxc5+ Kf7 22. Bh5+ Kg7 23. Rde1 Rd8 24. Re7+ Kg8 25.
Bf3 Bf5 26. Bxa8 Rxa8 27. Rxa7 Rxa7 28. Bxa7 Nxa2+ 29. Kb2 Nb4 30. Kc3 Nc6 31. Bc5 Be6 32.
Rb1 Bc4 33. Ra1 Kf7 34. Ra6 Ne5 35. Ra7+ Kg6 36. f3 Nd3 37. Bf8 Nf4 38. g3 Ne6 39. Bd6 h5 40. Re7 f5 41. Be5 f4 42. gxf4 gxf4 43.
Kb4 Kf5 44. Bb8 Nd4 45. Re8 Bf7 46. Rf8 Kg6 47. Kc3 Nxf3 48. Bxf4 Bc4 49. Bc7 Ng1 50. Rf2 Ne2+ 51. Kd2 Nd4 52. Ke3 Ne6 53. Bd6 Bd5 54. h4 Kg7 55. Be5+ Kg6 56. Rf6+ Kh7 57. Rf7+ Kg6 58.
Rd7 Bc4 59. Rd6 Kf5 60. Bg3 Kg4 61. Bf2 Kh3 62. Rd1 Kg4 63. Rg1+ Kh3 64. Rh1+ Kg4 65. Rg1+ Kh3 66. Rg6 Nc5 67. Kf3 Bd5+ 68. Kf4 Nd3+ 69. Ke3 Ne5 70. Rg3+ Kh2 71. Rg5 Ng4+ 72. Ke2 Bc4+ 73.
Ke1 Kg2 74. Bc5 Kh3 75. Rxh5 Kg3 76. Rh8 Nh2 77. h5 Nf3+ 78. Kd1 Kg4 79. h6 Ng5 80. h7 Kh5 81. Rg8 Nxh7 82. Rg7 Ng5 83.
Be7 Ne4 84. Rh7+ Kg6 85. Rh2 Kf5 86. Bb4 Ke6 87. Kc1 Kd5 88. Rh5+ Kd4 89. Rh3 Nf2 90. Rh4+ Kd5 91. Rh5+ Ke4 92. Rh4+ Kf5 93. Kc2 Nd3 94.
Bc3 Nf4 95. Rxf4+ Kxf4 96. Bb4 Ke4 97. Kc3 Kd5 98. Ba5 Kc6 99. Bb4 Kd5 100. Ba5 Kc6 101. Bb4 Kd5 1/2-1/2

[Event "*** Titled Tuesday Blitz"]
[Site "Chess.com"]
[Date "2021.04.27"]
[Round "8"]
[White "ChadBiryani"]
[Black "beautroll"]
[Result "1-0"]
[WhiteElo "2330"]
[BlackElo "2468"]
[TimeControl "180+1"]
[EndTime "11:30:00 PDT"]
[Termination "ChadBiryani won by resignation"]

1. d4 Nf6 2. c4 g6 3. g3 Bg7 4. Bg2 O-O 5. Nf3 d5 6. cxd5 Nxd5 7. e4 Nb6 8. O-O Nc6 9. Be3 Bg4 10. e5 Nd5 11.
Nc3 e6 12. Qb3 Nb6 13. Rfd1 Ne7 14. Rac1 Ned5 15. Ne4 a5 16. Nc5 a4 17. Qa3 Qc8 18. Rd2 Bxf3 19. Bxf3 h6 20. Ne4 Qd7 21. Rdc2 Kh7 22.
Nc5 Qc8 23. Qd3 Nb4 24. Qb5 Nxc2 25. Bxb7 Qe8 26. Bc6 Qe7 27. Rxc2 Rab8 28. Qd3 Rfd8 29. Qe4 Nd5 30. Bd2 a3 31. bxa3 Rb1+ 32. Kg2 Rb6 33. Ba4 Rdb8 34. Nd7 f5 35. exf6 Nxf6 36. Nxf6+ Qxf6 37. Be3 Ra6 38. Bb3 Rc8 39. Qb7 Raa8 40. Rxc7 Rxc7 41. Qxa8 Rc3 42. Qe4 Qf5 43. Qxe6 Qxe6 44.
Bxe6 Rxa3 45. Bb3 Ra5 46. Kf3 Bf8 47. Ke4 Kg7 48. d5 Kf6 49. Bd2 Rc5 50. Kd4 Rc8 51.
Bc3 Bc5+ 52. Ke4+ Ke7 53. f4 Bd6 54. Bd2 Re8 55. Kd3 Rd8 56. Be3 Ra8 57. Bd4 h5 58.
Ke4 Ra3 59. Be5 Ra5 60. Bc3 Rb5 61. Kd4 Rb7 62. Kc4 Bb8 63. a4 Bd6 64. a5 Rc7+ 65. Kd3 Bc5 66. Bc4 Kd6 67. Be5+ Kd7 68. Bxc7 Kxc7 69.
Ke4 Kd6 70. a6 Bf2 71. h3 Ba7 72. g4 hxg4 73. hxg4 Bb6 74. g5 Ba7 75. Kd3 Bb6 76. Kc3 Ba5+ 77. Kb3 Bb6 78. Kb4 Ba7 79. Kb5 Bd4 80.
Bd3 Be3 81. Bxg6 Kxd5 82. f5 Ke5 83. Bf7 Kxf5 84. g6 Kf6 85. Kc6 Kg7 86. Kb7 Bd4 87.
a7 Bxa7 88. Kxa7 Kf8 89. Kb7 Kg7 90. Kc7 Kf8 91. Kd7 Kg7 92. Ke7 Kh8 93. Be8 Kg7 94. Ke6 Kf8 95. Kf6 Kg8 96. g7 Kh7 97. Bf7 1-0

[Event "*** Titled Tuesday Blitz"]
[Site "Chess.com"]
[Date "2021.04.27"]
[Round "8"]
[White "Julianos82"]
[Black "AttackSparrow"]
[Result "1/2-1/2"]
[WhiteElo "2318"]
[BlackElo "2474"]
[TimeControl "180+1"]
[EndTime "11:30:01 PDT"]
[Termination "Game drawn - insufficient material"]

1. d4 Nf6 2. Nf3 c5 3. d5 g6 4. c4 b5 5. cxb5 a6 6. Nc3 Bg7 7. e4 O-O 8. e5 Ng4 9. Bf4 d6 10. exd6 exd6 11. h3 Re8+ 12. Be2 Ne5 13. O-O axb5 14.
Nxb5 Ba6 15. Nxe5 Bxe5 16. Bxe5 Rxe5 17. Re1 Qe7 18. Bf1 Bb7 19. Rxe5 Qxe5 20. Nc3 Nd7 21. Qd2 Re8 22. a4 Nb6 23. a5 Nxd5 24. a6 Ba8 25.
Nxd5 Bxd5 26. a7 Ba8 27. f3 d5 28. Ra5 d4 29. Bc4 Qc7 30. b4 cxb4 31. Qxb4 Qg3 32. Ra1 Bxf3 33. Bxf7+ Kxf7 34. Qb3+ Kg7 35. Qxf3 Qxf3 36.
gxf3 Ra8 37. Kf2 Kf6 38. Ke2 Ke5 39. Kd3 Kf4 40. Ke2 d3+ 41. Kf2 d2 42. Ra4+ Kf5 43. Rd4 Rxa7 44. Rxd2 Re7 45. Rd4 Ra7 46. Rc4 h5 47. h4 Ra2+ 48. Kg3 Ra6 49. Rb4 Kf6 50. Rc4 Rd6 51. Rb4 Rc6 52. Ra4 Rc5 53. Rb4 Kf5 54. Rf4+ Ke5 55. Re4+ Kf6 56. Rf4+ Kg7 57. Re4 Rd5 58. Rf4 Kh6 59. Ra4 Rb5 60. Rc4 Rd5 61.
Rb4 Ra5 62. Rc4 Rb5 63. Rd4 Rc5 64. Rd7 Rc1 65. Kg2 Rc2+ 66. Kg3 Rc4 67. Re7 Rc5 68.
Rd7 Re5 69. Rc7 Rf5 70. Rb7 Ra5 71. Rc7 Rb5 72. Rd7 Rc5 73. Rb7 Rc1 74. Ra7 Rc4 75.
Rb7 Rd4 76. Ra7 Rd1 77. Rb7 Rg1+ 78. Kh2 Rf1 79. Kg2 Rd1 80. Kg3 Rd6 81. Ra7 Rf6 82.
Rb7 Rf5 83. Ra7 Rd5 84. Rb7 Rc5 85. Ra7 g5 86. Ra6+ Kg7 87. hxg5 Rxg5+ 88. Kh4 Rf5 89. Rb6 Kf7 90. Ra6 Kg7 91. Rb6 Rxf3 92. Kxh5 Rf5+ 93. Kg4 Rc5 94. Ra6 Kf7 95. Rb6 Rc4+ 96. Kf5 Rc5+ 97. Ke4 Ke7 98. Ra6 Rh5 99. Rg6 Kf7 100. Ra6 Rh4+ 101.
Kf5 Rb4 102. Ra7+ Ke8 103. Ra8+ Kd7 104. Ra6 Kc7 105. Ke5 Rb5+ 106. Ke6 Kb7 107. Ra2 Rh5 108. Rb2+ Kc6 109. Rd2 Kb5 110. Rd5+ Rxd5 111. Kxd5 1/2-1/2

[Event "*** Titled Tuesday Blitz"]
[Site "Chess.com"]
[Date "2021.04.27"]
[Round "8"]
[White "MarcoRiehle"]
[Black "SF-96"]
[Result "1/2-1/2"]
[WhiteElo "2713"]
[BlackElo "2613"]
[TimeControl "180+1"]
[EndTime "11:30:02 PDT"]
[Termination "Game drawn by 50-move rule"]

1. e4 e5 2. Nf3 Nc6 3. Bc4 Bc5 4.
O-O Nf6 5. d4 Bxd4 6. Nxd4 Nxd4 7. Bg5 d6 8. f4 Qe7 9. Na3 Be6 10.
c3 Bxc4 11. Nxc4 Ne6 12. fxe5 dxe5 13. Bxf6 gxf6 14. b4 Rg8 15. Kh1 Nf4 16. g3 Rd8 17.
Qa4+ c6 18. Qxa7 Qe6 19. Ne3 Rxg3 20. Nf5 Rg6 21. Qxb7 Qd7 22. Qxd7+ Rxd7 23. Rad1 Ne2 24. c4 Nc3 25. Rxd7 Kxd7 26. Ng3 Nxa2 27. b5 cxb5 28.
cxb5 Nc3 29. b6 Na4 30. Rb1 Rg8 31. Kg2 Rb8 32. b7 Nc5 33. Rb6 Rxb7 34. Rxf6 Ke7 35. Rh6 Rb2+ 36. Kf3 Ne6 37. Nf5+ Kd7 38. h4 Rb3+ 39.
Ke2 Nf4+ 40. Kd2 Rd3+ 41. Kc2 Rf3 42. Rxh7 Ke6 43. Rh8 Rh3 44. Re8+ Kd7 45. Rxe5 Ng6 46. Ra5 Nxh4 47. Nd4 Ng6 48. e5 Nxe5 49. Rxe5 f6 50. Ra5 Rh2+ 51. Kd3 f5 52. Nxf5 Rh1 53. Ke4 Re1+ 54.
Kd5 Rd1+ 55. Nd4 Ke7 56. Ra6 Re1 57. Rh6 Rd1 58. Re6+ Kd7 59. Re2 Kc7 60. Re7+ Kb6 61. Rd7 Rh1 62. Nf3 Rd1+ 63. Nd4 Rh1 64. Re7 Rh5+ 65.
Kc4 Rh1 66. Re6+ Kc7 67. Kc5 Rc1+ 68. Kd5 Rd1 69. Re7+ Kb6 70. Rh7 Rd2 71. Kc4 Rd1 72. Nf5 Rc1+ 73. Kd5 Rd1+ 74. Ke5 Re1+ 75. Kd6 Rd1+ 76.
Ke6 Re1+ 77. Kd7 Rd1+ 78. Nd6 Kc5 79. Rh5+ Kd4 80. Ke6 Ke3 81. Re5+ Kf4 82. Re4+ Kf3 83. Ra4 Rb1 84. Nf7 Rb6+ 85. Kf5 Rb5+ 86. Ne5+ Ke3 87. Re4+ Kf2 88. Rf4+ Ke3 89. Rh4 Rb8 90. Re4+ Kf2 91. Ng4+ Kf3 92. Re3+ Kg2 93. Ra3 Rf8+ 94. Ke4 Re8+ 95. Ne5 Kf2 96. Rf3+ Kg2 97. Rf7 Kg3 98. Rf5 Kg2 99. Ke3 Rg8 100. Ke2 Rg7 101. Rf3 Re7 102. Re3 1/2-1/2

[Event "*** Titled Tuesday Blitz"]
[Site "Chess.com"]
[Date "2021.04.27"]
[Round "9"]
[White "Nikolakis2014"]
[Black "Nils_03"]
[Result "1-0"]
[WhiteElo "2631"]
[BlackElo "2447"]
[TimeControl "180+1"]
[EndTime "11:38:33 PDT"]
[Termination "Nikolakis2014 won by checkmate"]

1. e4 c5 2. Nf3 Nc6 3. Bb5 g6 4. O-O Bg7 5. Re1 e5 6. c3 Nge7 7. d4 exd4 8. cxd4 Nxd4 9. Nxd4 Bxd4 10. Bh6 Qb6 11. Na3 a6 12. Ba4 Qxb2 13. Nc4 Qxa1 14.
Nd6+ Kd8 15. Nxf7+ Kc7 16. Bf4+ d6 17. Bxd6+ Kb6 18.
Qb3+ Ka7 19. Rxa1 Bxa1 20. Bxc5+ Kb8 21. Qg3+ Be5 22. Qxe5# 1-0

[Event "*** Titled Tuesday Blitz"]
[Site "Chess.com"]
[Date "2021.04.27"]
[Round "9"]
[White "MVM2008"]
[Black "ferch1ni"]
[Result "1-0"]
[WhiteElo "2274"]
[BlackElo "2354"]
[TimeControl "180+1"]
[EndTime "11:39:23 PDT"]
[Termination "MVM2008 won by checkmate"]

1. e4 c5 2. b4 cxb4 3. c3 bxc3 4. Nxc3 g6 5. d4 Bg7 6. Nf3 d6 7. Bd2 Nf6 8. h4 h5 9. Bd3 Bg4 10. Qa4+ Nbd7 11. e5 dxe5 12. dxe5 Nh7 13. Bc4 O-O 14. e6 Nb6 15. exf7+ Kh8 16. Qb5 Rc8 17. Ne5 Nxc4 18.
Nxg6# 1-0

[Event "*** Titled Tuesday Blitz"]
[Site "Chess.com"]
[Date "2021.04.27"]
[Round "9"]
[White "fyall777"]
[Black "CraiggoryC"]
[Result "1-0"]
[WhiteElo "2410"]
[BlackElo "2231"]
[TimeControl "180+1"]
[EndTime "11:39:30 PDT"]
[Termination "fyall777 won by resignation"]

1. f4 Nf6 2. Nf3 g6 3. g3 Bg7 4. Bg2 O-O 5. O-O c5 6. d3 Nc6 7. Nc3 d6 8. e4 Ne8 9. f5 Nd4 10. Nxd4 cxd4 11. Nd5 Nc7 12. Nxc7 Qxc7 13. Bg5 b6 14.
Qd2 gxf5 15. exf5 Bb7 16. Bxb7 Qxb7 17. f6 exf6 18. Bxf6 Bxf6 19. Rxf6 Rae8 20. Qf4 Kh8 21.
Qxd4 Re2 22. Rxf7+ 1-0

[Event "*** Titled Tuesday Blitz"]
[Site "Chess.com"]
[Date "2021.04.27"]
[Round "9"]
[White "Guzman70"]
[Black "ljuks68"]
[Result "0-1"]
[WhiteElo "2297"]
[BlackElo "2445"]
[TimeControl "180+1"]
[EndTime "11:39:42 PDT"]
[Termination "ljuks68 won by resignation"]

1. Nf3 d5 2. g3 Nc6 3. Bg2 e5 4. d3 Bg4 5. c4 dxc4 6. Qa4 Qd7 7.
Qxc4 O-O-O 8. h3 Be6 9. Qa4 f6 10. Nc3 Kb8 11. Be3 Nge7 12. b4 Nc8 13. b5 Nd4 14. Bxd4 exd4 15. Ne4 Nb6 16. Qxa7+ 0-1

[Event "*** Titled Tuesday Blitz"]
[Site "Chess.com"]
[Date "2021.04.27"]
[Round "9"]
[White "Bad_left_hook"]
[Black "Raud100"]
[Result "1-0"]
[WhiteElo "2573"]
[BlackElo "2456"]
[TimeControl "180+1"]
[EndTime "11:39:44 PDT"]
[Termination "Bad_left_hook won by resignation"]

1. d4 d5 2. c4 c6 3. Nf3 Nf6 4. Nc3 dxc4 5. a4 Bf5 6. Ne5 Nbd7 7. Nxc4 Qc7 8. g3 e5 9. dxe5 Nxe5 10. Bf4 Nfd7 11.
Bg2 f6 12. O-O g5 13. Bxe5 fxe5 14. Rc1 Be7 15. Ne3 Be6 16. Ncd5 Qa5 17. b4 Bxb4 18.
Nc4 Qc5 19. Nc7+ Ke7 20. Nxe6 1-0

[Event "*** Titled Tuesday Blitz"]
[Site "Chess.com"]
[Date "2021.04.27"]
[Round "9"]
[White "pavelalexandru07"]
[Black "DonBroca"]
[Result "0-1"]
[WhiteElo "2328"]
[BlackElo "2235"]
[TimeControl "180+1"]
[EndTime "11:40:08 PDT"]
[Termination "DonBroca won by resignation"]

1. e4 c5 2. Nf3 d6 3. d4 cxd4 4. Nxd4 Nf6 5. Nc3 g6 6. Be3 Bg7 7. f3 Nc6 8. Qd2 O-O 9. O-O-O d5 10. Nxc6 bxc6 11. Bh6 Qa5 12. h4 dxe4 13. h5 Bxh6 14.
Qxh6 g5 15. fxe4 Be6 16. Bd3 Ng4 0-1

[Event "*** Titled Tuesday Blitz"]
[Site "Chess.com"]
[Date "2021.04.27"]
[Round "9"]
[White "VerdeNotte"]
[Black "Gloomy_Wanderer"]
[Result "1-0"]
[WhiteElo "2891"]
[BlackElo "2735"]
[TimeControl "180+1"]
[EndTime "11:40:09 PDT"]
[Termination "VerdeNotte won by resignation"]

1. Nf3 Nf6 2. b3 d5 3. Bb2 c5 4. e3 Bg4 5. h3 Bh5 6. g4 Bg6 7. Ne5 Nfd7 8. Nxg6 hxg6 9. Bg2 e6 10. c4 Nb6 11. O-O Nc6 12. cxd5 Nxd5 13. Nc3 Ndb4 14.
d4 cxd4 15. exd4 Qxd4 16. Qxd4 Nxd4 17. Bxb7 Rd8 18. Rfd1 Rxh3 19. Kg2 Rd3 20. a3 Nbc6 21. Rxd3 1-0

[Event "*** Titled Tuesday Blitz"]
[Site "Chess.com"]
[Date "2021.04.27"]
[Round "9"]
[White "PolandHussars"]
[Black "Leo_C"]
[Result "1-0"]
[WhiteElo "2628"]
[BlackElo "2466"]
[TimeControl "180+1"]
[EndTime "11:40:19 PDT"]
[Termination "PolandHussars won by resignation"]

1. e4 c6 2. d4 d5 3. e5 c5 4. c4 cxd4 5. Nf3 Nc6 6. cxd5 Qxd5 7. Nc3 Qd8 8. Ne4 Bf5 9. Bd3 e6 10. O-O h6 11. a3 a5 12. Bd2 Qd5 13. Re1 g5 14. h3 Bc5 15. Rc1 Bxe4 16. Bxe4 Qd7 17. Rxc5 Nge7 18. Bc1 O-O 19. h4 g4 20. Nh2 h5 21. Qd2 f6 22. exf6 Rxf6 23. Qg5+ Kf7 24. Qxh5+ 1-0

[Event "*** Titled Tuesday Blitz"]
[Site "Chess.com"]
[Date "2021.04.27"]
[Round "9"]
[White "david_alex"]
[Black "Kolle05"]
[Result "0-1"]
[WhiteElo "2118"]
[BlackElo "2323"]
[TimeControl "180+1"]
[EndTime "11:40:23 PDT"]
[Termination "Kolle05 won by resignation"]

1. d4 Nf6 2. Nf3 g6 3. g3 Bg7 4.
Bg2 O-O 5. O-O d6 6. b3 Nbd7 7. Bb2 c6 8. c4 Qc7 9. Re1 Re8 10. e4 e5 11. Nc3 exd4 12. Nxd4 a5 13. Qd2 Nc5 14. Rad1 Bg4 15. f3 Bd7 16. Nde2 Rad8 17. Qxd6 Qb6 18. Kh1 Be6 19. Qf4 Nd3 20. Na4 Nf2+ 21. Kg1 Nh3+ 22. Kh1 Qg1+ 0-1

[Event "*** Titled Tuesday Blitz"]
[Site "Chess.com"]
[Date "2021.04.27"]
[Round "9"]
[White "Keks2017"]
[Black "GregShahade"]
[Result "0-1"]
[WhiteElo "2470"]
[BlackElo "2654"]
[TimeControl "180+1"]
[EndTime "11:40:26 PDT"]
[Termination "GregShahade won by resignation"]

1. g3 g6 2. Bg2 Bg7 3. e4 c5 4.
d3 Nc6 5. f4 d6 6. Nf3 Nf6 7. O-O O-O 8. h3 Rb8 9. g4 Nd7 10. Nc3 b5 11. Ne2 b4 12. Kh1 e6 13. g5 f6 14. h4 fxg5 15. hxg5 e5 16. f5 gxf5 17. exf5 Rxf5 18. Ng3 Rf8 19. Nh4 Ne7 20.
Nhf5 Nxf5 21. Nxf5 Nb6 22. Nh6+ Bxh6 23. gxh6 Qh4+ 24. Kg1 Bg4 25. Qe1 Rxf1+ 26. Qxf1 Rf8 0-1

[Event "*** Titled Tuesday Blitz"]
[Site "Chess.com"]
[Date "2021.04.27"]
[Round "9"]
[White "alejogarcia1999"]
[Black "Artem_Sadovsky"]
[Result "1-0"]
[WhiteElo "2494"]
[BlackElo "2673"]
[TimeControl "180+1"]
[EndTime "11:40:30 PDT"]
[Termination "alejogarcia1999 won by resignation"]

1. d4 g6 2. c4 Bg7 3. g3 d6 4. Bg2 e5 5. Nf3 e4 6. Nfd2 f5 7. e3 Nf6 8. Nc3 O-O 9. b4 c6 10. a4 d5 11. Qb3 Be6 12. O-O g5 13. f3 f4 14. cxd5 Nxd5 15. fxe4 fxe3 16. exd5 exd2 17. dxe6 Qxd4+ 18. Kh1 Rxf1+ 19. Bxf1 Qxc3 20. e7+ Qxb3 21. e8=Q+ Bf8 22. Bxd2 Qd5+ 23. Bg2 Qxd2 24. Rf1 Qxb4 25. Bh3 Qe7 26. Be6+ Kg7 27. Rf7+ 1-0

[Event "*** Titled Tuesday Blitz"]
[Site "Chess.com"]
[Date "2021.04.27"]
[Round "9"]
[White "MFBerna"]
[Black "Srisshhhtea"]
[Result "0-1"]
[WhiteElo "2441"]
[BlackElo "2352"]
[TimeControl "180+1"]
[EndTime "11:40:43 PDT"]
[Termination "Srisshhhtea won by resignation"]

1. e4 e6 2. d4 d5 3. Nd2 Nc6 4. Ngf3 Nf6 5. e5 Nd7 6. c3 f6 7. exf6 Qxf6 8. Bd3 Bd6 9. O-O O-O 10. Bb5 e5 11. Bxc6 bxc6 12. dxe5 Nxe5 13. Nxe5 Qxe5 14. g3 Bh3 15. Re1 Qf5 16. f3 Qg6 17. Kh1 Rae8 18. Rxe8 Rxe8 19. Nf1 Re6 20. Bd2 Qe8 21. Qa4 Re2 22.
Bf4 Bg2+ 23. Kg1 Bc5+ 0-1

[Event "*** Titled Tuesday Blitz"]
[Site "Chess.com"]
[Date "2021.04.27"]
[Round "9"]
[White "RafalBRC"]
[Black "OlifantCZ"]
[Result "1-0"]
[WhiteElo "2187"]
[BlackElo "2253"]
[TimeControl "180+1"]
[EndTime "11:41:05 PDT"]
[Termination "RafalBRC won by resignation"]

1. d4 Nf6 2. c4 g6 3. Nc3 Bg7 4. Bg5 O-O 5. Nf3 c5 6. e3 cxd4 7. Nxd4 Nc6 8. Be2 Qa5 9. Bxf6 Bxf6 10. O-O d6 11. Bf3 Bd7 12. Nd5 Bxd4 13. exd4 Qd8 14. a3 e6 15. Nc3 Rb8 16. b4 Qf6 17. Nb5 a6 18. Bxc6 Bxc6 19. Nxd6 Qg5 20. f3 h5 21.
Ne4 Bxe4 22. fxe4 Qe3+ 23. Kh1 Qxe4 24. Qd2 Rbc8 25. c5 Rcd8 26. Rad1 Rd5 27. Rf4 1-0

[Event "*** Titled Tuesday Blitz"]
[Site "Chess.com"]
[Date "2021.04.27"]
[Round "9"]
[White "jefferyx"]
[Black "Vaathi_Coming"]
[Result "1-0"]
[WhiteElo "3006"]
[BlackElo "2886"]
[TimeControl "180+1"]
[EndTime "11:41:12 PDT"]
[Termination "jefferyx won by resignation"]

1. d4 g6 2. e4 Bg7 3. Nf3 d6 4. Be3 Nf6 5. Nc3 c6 6. Qd2 Qc7 7. Bh6 Bxh6 8. Qxh6 Bg4 9. Ng5 Nbd7 10. Bc4 d5 11. Bb3 Be6 12. e5 Ng4 13. Nxe6 fxe6 14.
Qg5 Ngxe5 15. dxe5 Nxe5 16. Qg3 O-O-O 17. O-O-O Rhf8 18. Rhe1 Rf4 19. Ne2 Rg4 20. Qh3 h5 21. f3 Rb4 22.
Nd4 1-0

[Event "*** Titled Tuesday Blitz"]
[Site "Chess.com"]
[Date "2021.04.27"]
[Round "9"]
[White "Aslanov_Umid"]
[Black "Lyschko"]
[Result "0-1"]
[WhiteElo "2432"]
[BlackElo "2304"]
[TimeControl "180+1"]
[EndTime "11:41:17 PDT"]
[Termination "Lyschko won by resignation"]

1. e4 Nf6 2. e5 Nd5 3. d4 d6 4. c4 Nb6 5. exd6 cxd6 6. Nc3 g6 7.
Nf3 Bg7 8. h4 Bg4 9. Be2 Nc6 10.
Be3 Bxf3 11. Bxf3 Nxc4 12. h5 Nxe3 13. fxe3 O-O 14. hxg6 hxg6 15. Bxc6 bxc6 16. Qf3 e5 17. Qh3 Re8 18. d5 Qb6 19. O-O-O Rab8 20. Rd2 e4 21. Rf2 Rb7 22. Qh7+ Kf8 23. Qxg6 Qxe3+ 0-1